[Event "Late-Titled-Tuesday-Blitz-March-05-2024"]
[Site "Chess.com"]
[Date "2024.03.05"]
[Round "10"]
[White "finec2"]
[Black "Akhayan"]
[Result "0-1"]
[WhiteElo "2221"]
[BlackElo "2379"]
[TimeControl "180+1"]
[EndTime "15:51:43 PST"]
[Termination "Akhayan won by checkmate"]

1. e4 c5 2. Nf3 e6 3. c3 d5 4. exd5 exd5 5. d4 Nf6 6. Bb5+ Bd7 7. Qe2+ Be7 8. dxc5 O-O 9. Bxd7 Nbxd7 10. O-O Nxc5 11. Rd1 h6 12. Nbd2 Re8 13. Nb3 Nxb3 14. axb3 Qb6 15.
Qc2 Rad8 16. Be3 Bc5 17. Bxc5 Qxc5 18. Nd4 a6 19. b4 Qc7 20. Re1 Ne4 21. f3 Nd6 22.
Qd3 Nc4 23. b3 Nd6 24. g3 Rc8 25. Rxe8+ Rxe8 26. Rc1 Qd8 27. Kf2 Qf6 28. Re1 Rc8 29. Kg2 g6 30. Re3 Kg7 31. h4 h5 32. Re2 Rc7 33.
Re3 Re7 34. Rxe7 Qxe7 35. Ne2 Nf5 36. Qd2 Kh7 37. Nf4 Qe5 38. Kf2 d4 39. c4 b6 40.
Kg2 Qd6 41. Kf2 Kg8 42. Kg2 Qd8 43. Kf2 Kh7 44. Kg2 Qc7 45. Kf2 a5 46. bxa5 bxa5 47. Kg2 Qb6 48. Kh3 Qxb3 49. c5 Qxf3 50. Ne2 Qh1# 0-1

[Event "Late-Titled-Tuesday-Blitz-March-05-2024"]
[Site "Chess.com"]
[Date "2024.03.05"]
[Round "10"]
[White "jaskol95"]
[Black "alexrustemov"]
[Result "0-1"]
[WhiteElo "2566"]
[BlackElo "2789"]
[TimeControl "180+1"]
[EndTime "15:51:44 PST"]
[Termination "alexrustemov won by resignation"]

1. e4 e6 2. d4 d5 3. Nc3 dxe4 4. Nxe4 Bd7 5. Nf3 Bc6 6. Bd3 Nd7 7. c3 Ngf6 8. Ng3 Be7 9. Bf4 O-O 10. O-O b6 11. Qe2 Bb7 12. Ne5 c5 13. Rad1 cxd4 14. Bb1 Nxe5 15. Bxe5 Qd5 16. f3 Rfd8 17. Bxd4 Bc5 18.
Bxc5 Qxc5+ 19. Kh1 h6 20. Ne4 Bxe4 21. Bxe4 Rac8 22.
g3 b5 23. Kg2 a5 24. Bc2 b4 25.
c4 g6 26. b3 Kg7 27. Qf2 Qe5 28. Bb1 Qc3 29. Qc2 Qxc2+ 30. Bxc2 Nd7 31. Rd6 Nc5 32. Rfd1 Rxd6 33. Rxd6 Kf6 34. f4 Ke7 35. Rd1 g5 36. Kf3 Rg8 37. f5 h5 38. fxe6 fxe6 39. Ke2 Rf8 40. Rf1 Rxf1 41. Kxf1 Kf6 42. Ke2 Ke5 43. Ke3 h4 44. gxh4 gxh4 45. h3 Nd7 46.
Bd1 Nf6 47. Bf3 Nh7 48. Bg2 Ng5 49. Kd3 Kd6 50. Kd4 e5+ 51. Kd3 Kc5 52. Ke3 Ne6 53.
Ke4 Nf4 54. Bf1 Kd6 55. c5+ Kxc5 56. Kxe5 Nd5 57. Kf5 Ne3+ 58. Kg6 Nxf1 59. Kg5 Nd2 60. Kxh4 Ne4 61. Kg4 Nf2+ 62. Kg3 Nxh3 63. Kxh3 Kd4 0-1

[Event "Late-Titled-Tuesday-Blitz-March-05-2024"]
[Site "Chess.com"]
[Date "2024.03.05"]
[Round "10"]
[White "Zampronha1971"]
[Black "GoValya"]
[Result "0-1"]
[WhiteElo "2321"]
[BlackElo "2256"]
[TimeControl "180+1"]
[EndTime "15:51:44 PST"]
[Termination "GoValya won on time"]

1. e4 e6 2. d4 d5 3. Nc3 Bb4 4. e5 c5 5. a3 Bxc3+ 6. bxc3 Qa5 7. Bd2 Nc6 8. Nf3 Qa4 9. Qb1 a6 10. Qb3 Qxb3 11. cxb3 cxd4 12. cxd4 Nge7 13. Bd3 Bd7 14. O-O O-O 15. Rfc1 h6 16. b4 g5 17. Bc3 f6 18.
exf6 Rxf6 19. Bb2 Raf8 20. Rc2 Nf5 21. Ne5 Be8 22. Nxc6 Bxc6 23. Bxa6 Nd6 24. Bd3 Ba4 25. Re2 b5 26. Rae1 Nc4 27. Bc1 Kg7 28. f3 Kf7 29. h4 Rg8 30. hxg5 hxg5 31. Kh2 g4 32. fxg4 Rxg4 33. Kg1 Rxd4 34. Bxc4 Rxc4 35. Bb2 Rg6 36. Rf2+ Ke7 37. Ref1 Rcg4 38. Rf7+ Kd6 39. R1f2 Bb3 40. Bc3 Bc4 41. Bd2 e5 42. R7f6+ Rxf6 43. Rxf6+ Ke7 44.
Rf5 Ke6 45. Rh5 Rd4 46. Bc3 Rd1+ 47. Kh2 d4 0-1

[Event "Late-Titled-Tuesday-Blitz-March-05-2024"]
[Site "Chess.com"]
[Date "2024.03.05"]
[Round "10"]
[White "Zadar321"]
[Black "Arystanner"]
[Result "1-0"]
[WhiteElo "2565"]
[BlackElo "2842"]
[TimeControl "180+1"]
[EndTime "15:51:48 PST"]
[Termination "Zadar321 won on time"]

1. e4 c5 2. Nf3 e6 3. d4 cxd4 4. Nxd4 Nc6 5. Nc3 Qc7 6. Be3 a6 7. Bd3 Nf6 8. O-O Nxd4 9. Bxd4 Bc5 10. Bxc5 Qxc5 11. Kh1 b5 12. Qe2 Bb7 13. e5 Qc6 14.
f3 Nd5 15. Nxd5 Qxd5 16. Qe3 Qc6 17. Rfc1 O-O 18. c4 b4 19. Be4 Qc7 20. Bxb7 Qxb7 21. Rd1 f6 22. Rd6 fxe5 23. Rad1 Rf7 24. Qxe5 a5 25.
Qd4 Ra7 26. b3 h6 27. h3 a4 28. c5 axb3 29. axb3 Qb5 30. Rc1 Qe2 31. Rg1 Rc7 32.
Qxb4 Kh7 33. Qc3 e5 34. Rd5 e4 35. Re1 Qf2 36. Rxe4 Ra7 37. Qd3 g6 38. Kh2 Ra2 39.
Rg4 Qc2 40. Rxd7 Qxd3 41. Rxd3 Rb2 42. c6 h5 43. Rc4 Ra7 44. c7 Raa2 45. c8=Q Rxg2+ 46.
Kh1 Rh2+ 47. Kg1 1-0

[Event "Late-Titled-Tuesday-Blitz-March-05-2024"]
[Site "Chess.com"]
[Date "2024.03.05"]
[Round "10"]
[White "Rutricks"]
[Black "Squirlolz"]
[Result "0-1"]
[WhiteElo "2712"]
[BlackElo "2613"]
[TimeControl "180+1"]
[EndTime "15:51:49 PST"]
[Termination "Squirlolz won by checkmate"]

1. Nc3 d5 2. d4 e6 3. Bf4 Bb4 4. f3 c5 5. e3 Nc6 6. Qd2 Qa5 7.
Nge2 Bd7 8. a3 cxd4 9. exd4 Rc8 10. Nc1 Bxc3 11. Qxc3 Qxc3+ 12. bxc3 Na5 13. Nd3 b6 14. Bd2 Ne7 15. Ne5 Ba4 16. Bd3 f6 17. Ng4 Kd7 18. Rb1 Nc4 19. Rb4 b5 20. Bc1 h5 21.
Ne3 Nxe3 22. Bxe3 Rxc3 23. Kd2 Rhc8 24. Rc1 a6 25. Rxa4 bxa4 26. Rb1 Rxa3 27. Rb6 Rc6 28.
Rb7+ Rc7 29. Rb6 Nc6 30. Bf4 e5 31. dxe5 fxe5 32. Be3 d4 33. Bg5 a5 34. Bb5 Kd6 35.
f4 Rc3 36. Bxa4 Kd5 37. Rb5+ Ke4 38. fxe5 Nb4 39. e6 Rxc2+ 40. Bxc2+ Rxc2+ 41. Kd1 Kd3 42. e7 Re2 43. Rb6 Re4 44. Rb5 Na2 45. Rxa5 Nc3+ 46. Kc1 Re2 47. Bf4 Rc2# 0-1

[Event "Late-Titled-Tuesday-Blitz-March-05-2024"]
[Site "Chess.com"]
[Date "2024.03.05"]
[Round "10"]
[White "Quattroporte300"]
[Black "rikchessmx"]
[Result "1-0"]
[WhiteElo "2465"]
[BlackElo "2301"]
[TimeControl "180+1"]
[EndTime "15:51:50 PST"]
[Termination "Quattroporte300 won by resignation"]

1. e4 e5 2. Nf3 Nc6 3. d4 exd4 4. Nxd4 Bc5 5. Be3 Qf6 6. c3 Bb6 7. Bc4 Qg6 8. O-O Nge7 9. Nd2 O-O 10. f4 Kh8 11.
Qf3 f5 12. e5 d6 13. Nxc6 Nxc6 14. Bxb6 axb6 15. Rae1 dxe5 16. fxe5 Be6 17. a3 Qf7 18. Qe2 Rad8 19. Bxe6 Qxe6 20. Nf3 h6 21. Rd1 Rde8 22.
Rfe1 Re7 23. h3 Rfe8 24. Qb5 Kh7 25. Qd5 Qg6 26. Kf2 f4 27. Qd3 Nxe5 28. Nxe5 Rxe5 29.
Rxe5 Rxe5 30. Qxg6+ Kxg6 31. Rd7 Rc5 32. Kf3 Rc4 33. Re7 Kf6 34. Re8 g5 35. Rh8 Kg7 36. Rb8 h5 37. Rxb7 Kg6 38. Rb8 Rc6 39. Rg8+ Kf5 40.
Rf8+ Rf6 41. Rxf6+ Kxf6 42. Ke4 Ke6 43. c4 c6 44. b4 Kf6 45. a4 Ke6 46. a5 bxa5 47. bxa5 Kd6 48. a6 Kc7 49. Kf5 Kb6 50. Kxg5 Kxa6 51.
Kxh5 Kb6 52. Kg4 Kc5 53. h4 Kxc4 54. h5 Kd3 55. h6 f3 56. gxf3 c5 57. h7 c4 58. h8=Q c3 59. Qd8+ Ke2 60. Qc7 Kd2 61. f4 c2 62. f5 c1=Q 63. Qxc1+ Kxc1 64. f6 Kd2 65. f7 Ke3 66. f8=Q Ke4 67. Qe8+ Kd5 68.
Kf5 Kc4 69. Qd7 1-0

[Event "Late-Titled-Tuesday-Blitz-March-05-2024"]
[Site "Chess.com"]
[Date "2024.03.05"]
[Round "10"]
[White "pr1105"]
[Black "yaguigor"]
[Result "1-0"]
[WhiteElo "2434"]
[BlackElo "2561"]
[TimeControl "180+1"]
[EndTime "15:51:53 PST"]
[Termination "pr1105 won by resignation"]

1. e4 d6 2. d4 Nf6 3. Nc3 c6 4. f4 Qa5 5. Bd3 e5 6. Nf3 Bg4 7. Be3 Nbd7 8. O-O Be7 9. Ne2 O-O 10. c3 Rfe8 11. h3 Bxf3 12. Rxf3 Bf8 13. Ng3 c5 14. fxe5 cxd4 15. exf6 dxe3 16. fxg7 Bxg7 17. Nf5 Kh8 18. Nxd6 Rf8 19. Nxf7+ Kg8 20. Bc4 Qc5 21. Qd5 Qxd5 22. Bxd5 Rab8 23. Re1 b5 24. a3 a5 25. Rexe3 b4 26.
axb4 axb4 27. cxb4 Bxb2 28. Rg3+ Bg7 29. Ne5+ Kh8 30.
Nxd7 Bd4 31. Nxb8 Rxb8 32. Kf1 Bxe3 33. Rxe3 Rxb4 34. Rg3 h5 35. Rg5 h4 36. Rh5+ Kg7 37.
Rxh4 Kf6 38. Rg4 Ke5 39. Kf2 Rd4 40. Kg3 Rd3+ 41. Kh2 Ra3 42. Rg3 Ra1 43. h4 Ra7 44. h5 Rh7 45. Rh3 Rh6 46. g4 Kf4 47. Rg3 Kg5 48. Kh3 Rb6 49. Rf3 Rb1 50. e5 Re1 51. e6 Rh1+ 52. Kg2 Re1 53. Kf2 Rb1 54. e7 Rb2+ 55.
Ke3 Rb8 56. Rf8 1-0

[Event "Late-Titled-Tuesday-Blitz-March-05-2024"]
[Site "Chess.com"]
[Date "2024.03.05"]
[Round "10"]
[White "VinzentSpitzl"]
[Black "Goryachkina"]
[Result "1/2-1/2"]
[WhiteElo "2550"]
[BlackElo "2684"]
[TimeControl "180+1"]
[EndTime "15:51:56 PST"]
[Termination "Game drawn by repetition"]

1. e4 c5 2. Nf3 e6 3. d4 cxd4 4.
Nxd4 Nc6 5. Nc3 Bc5 6. Nb3 Bb4 7. Bd3 Nge7 8. O-O O-O 9. Bd2 f5 10. a3 Bxc3 11. Bxc3 fxe4 12. Bxe4 Nf5 13. Qg4 Qe7 14.
Rfe1 Nh6 15. Qh5 Qf7 16. Qxf7+ Nxf7 17. Rad1 d5 18. Bf3 Ng5 19. Bg4 Ne4 20. f3 Nxc3 21.
bxc3 Kf7 22. Nc5 Re8 23. f4 b6 24. Nd3 Ba6 25. Ne5+ Nxe5 26. Rxe5 Re7 27. f5 exf5 28.
Rxf5+ Kg8 29. Rfxd5 Rae8 30. Rd7 g6 31. Rxe7 Rxe7 32.
Kf2 Kg7 33. Rd7 Rxd7 34. Bxd7 Kf6 35. Ke3 Ke5 36. g3 Bc4 37. h4 h6 38. Bg4 g5 39.
hxg5 hxg5 40. Bf3 Be6 41. Be2 Bf5 42. Bd3 Be6 43. Kf3 Bd7 44. Be4 Be6 45. Ke3 Bd7 46. Bf3 Be6 47. Kd3 Bf5+ 48. Kd2 Be6 49. Ke3 Bf5 50.
Bd1 Be6 51. Be2 Bd7 52. Bd3 Be6 53. Be4 Bd7 54. Kd3 Bb5+ 55. Ke3 Bd7 1/2-1/2

[Event "Late-Titled-Tuesday-Blitz-March-05-2024"]
[Site "Chess.com"]
[Date "2024.03.05"]
[Round "10"]
[White "FairChess_on_YouTube"]
[Black "Shtembuliak"]
[Result "1-0"]
[WhiteElo "3094"]
[BlackElo "2864"]
[TimeControl "180+1"]
[EndTime "15:52:00 PST"]
[Termination "FairChess_on_YouTube won on time"]

1. e4 d6 2. d4 g6 3. Nc3 Bg7 4. Be3 a6 5. Qd2 b5 6. Bd3 Bb7 7. Nf3 Nd7 8. Ne2 Ngf6 9. Ng3 Ng4 10. Bf4 e5 11. dxe5 dxe5 12. Bg5 f6 13. Bh4 Nc5 14. O-O Qe7 15. Rad1 O-O 16. Qb4 Rfd8 17. Be2 Bf8 18. Qc3 Rxd1 19. Rxd1 Nxe4 20. Nxe4 Bxe4 21. Nd2 Bf5 22. h3 Nh6 23. Qc6 Rd8 24. Bxf6 Rd6 25. Bxe7 Rxc6 26. Bxf8 Kxf8 27. c4 Rd6 28. Nf3 Rxd1+ 29.
Bxd1 e4 30. Nd4 bxc4 31. Be2 c5 32. Nxf5 Nxf5 33. Bxc4 a5 34. Bd5 e3 35. Kf1 exf2 36.
Kxf2 Ke7 37. Ke2 Kd6 38. Bg8 h6 39. Kd3 Ke5 40. Kc4 Ne3+ 41. Kb5 Nxg2 42. Kxa5 Nf4 43. Kb6 Nxh3 44. a4 Ng5 45. a5 Ne4 46. a6 Nd6 47. Kc7 h5 48. Bc4 Ne8+ 49. Kc6 1-0

[Event "Late-Titled-Tuesday-Blitz-March-05-2024"]
[Site "Chess.com"]
[Date "2024.03.05"]
[Round "10"]
[White "the_blue_pill"]
[Black "jamengrand"]
[Result "1-0"]
[WhiteElo "2461"]
[BlackElo "2486"]
[TimeControl "180+1"]
[EndTime "15:52:02 PST"]
[Termination "the_blue_pill won by resignation"]

1. e4 c5 2. Nf3 Nc6 3. Nc3 g6 4. d4 cxd4 5. Nxd4 Bg7 6. Be3 Nf6 7. Bc4 O-O 8. Bb3 Re8 9. f3 e6 10. Nxc6 bxc6 11. Qd2 d5 12. O-O-O a5 13. Na4 Nd7 14.
Bh6 Bh8 15. h4 Rb8 16. h5 c5 17. hxg6 hxg6 18. exd5 c4 19. Bxc4 Nc5 20. dxe6 Bxe6 21.
Qxd8 Rexd8 22. Rxd8+ Rxd8 23. Nxc5 Bxc4 24. b3 Bd4 25. Ne4 Be6 26. Bg5 Rd5 27. Nf6+ Bxf6 28. Bxf6 Rh5 29. Rxh5 gxh5 30. a4 Kh7 31. Kd2 Kg6 32.
Bd8 Bd5 33. Ke3 Kf5 34. g3 Ke6 35. Bxa5 Kd6 36. Bd2 Kc5 37. c4 Bb7 38. Bc3 Ba8 39.
a5 Bb7 40. f4 f5 41. Kd2 Be4 42.
Kc1 Kc6 43. Kb2 Kb7 44. Ka3 Ka6 45. Kb4 Bd3 46. Bd4 Be2 47. Ka4 Bd1 48. Kb4 Be2 49.
Bf6 Bd1 50. Kc3 Be2 51. b4 Bf1 52. Kd4 Be2 53. Kc5 Bf1 54. Bd8 Be2 55. b5+ Ka7 56.
a6 Bd3 57. Bb6+ Ka8 58. Kd4 Bxc4 59. Kxc4 1-0

[Event "Late-Titled-Tuesday-Blitz-March-05-2024"]
[Site "Chess.com"]
[Date "2024.03.05"]
[Round "10"]
[White "aranibos"]
[Black "howitzer14"]
[Result "0-1"]
[WhiteElo "2282"]
[BlackElo "2985"]
[TimeControl "180+1"]
[EndTime "15:52:02 PST"]
[Termination "howitzer14 won by resignation"]

1. d4 f5 2. Nf3 Nf6 3. g3 g6 4.
Bg2 Bg7 5. O-O O-O 6. c4 d6 7.
Nc3 c6 8. d5 Bd7 9. Qb3 Qc8 10.
c5 cxd5 11. cxd6 e6 12. Bg5 Nc6 13. Rac1 h6 14. Bxf6 Bxf6 15. Nb5 Kg7 16. Rfd1 Qd8 17. Nc7 Rb8 18. e3 Rf7 19. Nd4 Nxd4 20. exd4 Qf8 21. Qa3 a5 22. f4 Bd8 23. Re1 Rf6 24. Rc3 Kf7 25. Rce3 Rc8 26. Rc3 b6 27. h4 g5 28.
fxg5 hxg5 29. hxg5 Rg6 30. Nxd5 exd5 31. Bxd5+ Kg7 32. Rxc8 Bxc8 33. Qc3 Qxd6 34. Bg2 Bd7 35. d5+ Kg8 36. Qd2 Bxg5 37. Qf2 Bf6 38. Kh2 Kg7 39.
Re2 Rh6+ 40. Kg1 Rg6 41. Kh2 Qc5 42. Qf4 Rh6+ 43. Bh3 a4 44. d6 Qd5 45. Rf2 Qf7 46. Kg2 Qg6 47. Bxf5 Qxf5 48. Qxf5 Bxf5 49. Rxf5 Bxb2 50.
d7 Rd6 51. Rc5 bxc5 52. d8=N Rxd8 0-1

[Event "Late-Titled-Tuesday-Blitz-March-05-2024"]
[Site "Chess.com"]
[Date "2024.03.05"]
[Round "10"]
[White "WPWPWP-2015"]
[Black "Mikhail_Golubev"]
[Result "1-0"]
[WhiteElo "2520"]
[BlackElo "2623"]
[TimeControl "180+1"]
[EndTime "15:52:04 PST"]
[Termination "WPWPWP-2015 won on time"]

1. d4 Nf6 2. c4 d6 3. Nc3 g6 4. Nf3 Bg7 5. g3 O-O 6. Bg2 Nbd7 7. O-O e5 8. e3 Re8 9. h3 c6 10. Kh2 e4 11. Nd2 d5 12. cxd5 cxd5 13. b3 h5 14.
Ba3 Nf8 15. Rc1 Bd7 16. Na4 b6 17. Qe2 Ne6 18. Rc2 h4 19. g4 Nh7 20. Rfc1 Nhg5 21. Nc3 Bxd4 22. Nxd5 Be5+ 23. Kh1 a6 24. Nxe4 Bb5 25.
Qd1 Nxe4 26. Bxe4 Bg7 27. Bg2 Qb8 28. Ne7+ Kh7 29. Rc8 Rxc8 30. Rxc8 Qxc8 31. Nxc8 Rxc8 32. f4 Rc3 33. Qe1 Rd3 34. Qxh4+ Kg8 35. Be7 Rxe3 36. Bf6 Nxf4 37. Bxg7 Kxg7 38. g5 Nxg2 39. Kxg2 Re2+ 40. Kf3 Rxa2 41. Qd4+ Kg8 42. Qd8+ Kg7 43. Qf6+ Kg8 44. Qd8+ Kh7 45. Qxb6 Rd2 46. Qf6 Rd3+ 47. Ke4 Kg8 48. b4 Rxh3 49. Qd8+ Kg7 50. Qd4+ Kg8 51. Qd8+ Kh7 52.
Qf6 Rh4+ 53. Ke5 Bc4 54. Qd8 Be6 55. Qb8 Rg4 56. Kf6 Rf4+ 57. Qxf4 1-0

[Event "Late-Titled-Tuesday-Blitz-March-05-2024"]
[Site "Chess.com"]
[Date "2024.03.05"]
[Round "10"]
[White "Viktor_Poddubnyi"]
[Black "BillCoe"]
[Result "1-0"]
[WhiteElo "2255"]
[BlackElo "2126"]
[TimeControl "180+1"]
[EndTime "15:52:05 PST"]
[Termination "Viktor_Poddubnyi won by resignation"]

1. e4 c5 2. Nf3 e6 3. g3 Nc6 4. Bg2 d5 5. exd5 exd5 6. d4 Nf6 7. O-O Be7 8. dxc5 Bxc5 9. Nc3 O-O 10. Bg5 Be7 11. Bxf6 Bxf6 12. Qxd5 Qxd5 13. Nxd5 Bxb2 14. Rab1 Ba3 15. Nd2 Rb8 16. Rb3 Bc5 17. Ne4 Bd4 18.
c3 Be5 19. f4 Be6 20. Nc5 Bxd5 21. Bxd5 Bd6 22. Nxb7 Ne7 23. Bxf7+ Kxf7 24. Nxd6+ Ke6 25. Ne4 h6 26. Rd1 Nf5 27. Nc5+ Ke7 28. Rd7+ Kf6 29.
Rxa7 Kg6 30. Ne6 Rfc8 31. Nd4 Rxb3 32. axb3 Nxd4 33. cxd4 Rc3 34. Ra2 Rxb3 35. Rd2 Kf6 36. d5 Ke7 37. d6+ Kd7 38. Kf2 Rb6 39. Kf3 Rb3+ 40.
Kg4 Rb5 41. f5 Rb4+ 42. Kh5 Ra4 43. g4 Ra3 44. h4 Ra4 45. g5 hxg5 46. hxg5 Ra5 47.
Kg6 Rb5 48. Rf2 Ra5 49. Kxg7 Kxd6 50. g6 Ra7+ 51. Kf6 Kd7 52. Re2 Ra6+ 53. Kg7 Ra5 54. f6 1-0

[Event "Late-Titled-Tuesday-Blitz-March-05-2024"]
[Site "Chess.com"]
[Date "2024.03.05"]
[Round "10"]
[White "vladoboch"]
[Black "C_K_G"]
[Result "1-0"]
[WhiteElo "2446"]
[BlackElo "2190"]
[TimeControl "180+1"]
[EndTime "15:52:06 PST"]
[Termination "vladoboch won on time"]

1. e4 c5 2. Nf3 d6 3. Nc3 e6 4. d4 cxd4 5. Nxd4 a6 6. g4 Qc7 7.
Be3 Nf6 8. g5 Nfd7 9. f4 b5 10. a3 Bb7 11. Qg4 Nc5 12. Bg2 Be7 13.
O-O-O Nbd7 14. b4 Nb3+ 15. Nxb3 Qxc3 16. Bd4 Qc4 17. Na5 Qc7 18. Nxb7 Qxb7 19. Bxg7 Rg8 20. Bb2 a5 21. h4 axb4 22. axb4 Ra2 23. e5 d5 24. f5 Qa6 25. fxe6 fxe6 26. Rhf1 Bxb4 27. Qxb4 Nb6 28. Qd6 Ra1+ 29. Bxa1 Qxa1+ 30. Kd2 Nc4+ 31. Ke2 Qxd1+ 32. Rxd1 Nxd6 33. exd6 Kd7 34. Ke3 Kxd6 35. Rf1 Rc8 36. Rf7 Rxc2 37. Bf3 b4 38. Rxh7 b3 39.
Rb7 b2 40. g6 e5 41. h5 e4 42. Be2 Ke5 43. g7 d4+ 44. Kf2 d3 45. g8=Q Rxe2+ 46. Kf1 Kd4 47. Qg7+ Ke3 48. Rxb2 Rxb2 49. Qxb2 d2 50.
Qc3+ 1-0

[Event "Late-Titled-Tuesday-Blitz-March-05-2024"]
[Site "Chess.com"]
[Date "2024.03.05"]
[Round "10"]
[White "sotochess"]
[Black "Mikhal867"]
[Result "1-0"]
[WhiteElo "2581"]
[BlackElo "2492"]
[TimeControl "180+1"]
[EndTime "15:52:08 PST"]
[Termination "sotochess won by resignation"]

1. e4 g6 2. d4 Bg7 3. Nc3 d6 4. Be3 a6 5. Qd2 Nd7 6. h4 h5 7. Nh3 b5 8. Ng5 Nb6 9. b3 Nf6 10. f3 O-O 11. O-O-O b4 12. Ne2 a5 13. Kb1 a4 14. Qxb4 axb3 15. cxb3 Bd7 16. Qd2 Qb8 17.
Rc1 Rc8 18. Nf4 Qa7 19. Rc2 c5 20. dxc5 dxc5 21. Bxc5 Rxc5 22. Rxc5 Nh7 23. Rc2 Nxg5 24. hxg5 Na4 25. Nd5 Be6 26. Rc7 Nc3+ 27. Rxc3 Bxd5 28. Rd3 Be6 29. Rd8+ Rxd8 30. Qxd8+ Kh7 31. Qd2 Bxb3 32. axb3 Qa1+ 33. Kc2 Qb2+ 34. Kd1 Qxb3+ 35. Ke2 Bc3 36. Qd1 Qb2+ 37. Ke3 Bb4 38. Bd3 Bc5+ 39. Kf4 Bd6+ 40.
Ke3 Bc5+ 41. Kf4 Qb8+ 42. e5 Qb4+ 43. Be4 Qb2 44. g4 Bd4 45. gxh5 Bxe5+ 46. Ke3 Qb6+ 47. Ke2 Qb2+ 48. Qc2 Qb5+ 49. Bd3 Qd5 50. hxg6+ Kg7 51. Rh7+ Kg8 52. gxf7+ Kf8 53. Qc8+ 1-0

[Event "Late-Titled-Tuesday-Blitz-March-05-2024"]
[Site "Chess.com"]
[Date "2024.03.05"]
[Round "10"]
[White "Bilan_Danila"]
[Black "prochn"]
[Result "0-1"]
[WhiteElo "2522"]
[BlackElo "2449"]
[TimeControl "180+1"]
[EndTime "15:52:08 PST"]
[Termination "prochn won on time"]

1. d4 d5 2. Nf3 Nf6 3. c4 c6 4.
Nc3 dxc4 5. a4 Bf5 6. e3 e6 7. Bxc4 Bb4 8. O-O O-O 9. Qe2 Bg6 10. Ne5 Nbd7 11. Nxg6 hxg6 12. Rd1 Qe7 13. Bd2 Rac8 14. e4 e5 15. dxe5 Nxe5 16. Bb3 Bc5 17. h3 Rcd8 18.
Bg5 Rxd1+ 19. Rxd1 Rd8 20. Kh2 Rxd1 21. Nxd1 Qd7 22.
Nc3 Qd3 23. Bxf6 gxf6 24. f4 Qxe2 25. Nxe2 Nd3 26. g4 Nxb2 27. Kg3 b5 28. axb5 cxb5 29. Nc3 a6 30. e5 fxe5 31. fxe5 Bd4 32. Nd5 Bxe5+ 33.
Kf3 a5 34. Ke4 Bg7 35. Ne7+ Kf8 36. Nc6 a4 37. Bd5 Bc3 38. h4 b4 39. h5 Kg7 40.
Nd8 f5+ 41. gxf5 gxh5 42. Ne6+ Kh6 43. Nc5 h4 44. Bc6 a3 45. Bd5 Kg5 46. Ne6+ Kf6 47. Nc5 h3 48. Kf3 Kxf5 49. Kg3 Ke5 50. Bb3 Kd4 51.
Ne6+ Kd3 52. Kxh3 Nc4 53. Nf4+ Ke4 54. Kg4 Nd2 55. Bd5+ Kd4 0-1

[Event "Late-Titled-Tuesday-Blitz-March-05-2024"]
[Site "Chess.com"]
[Date "2024.03.05"]
[Round "10"]
[White "Polish_fighter3000"]
[Black "K_A_S_T_O_R"]
[Result "1-0"]
[WhiteElo "3123"]
[BlackElo "2853"]
[TimeControl "180+1"]
[EndTime "15:52:10 PST"]
[Termination "Polish_fighter3000 won by resignation"]

1. e4 c5 2. Nf3 d6 3. d4 cxd4 4. Nxd4 Nf6 5. Nc3 a6 6. Bg5 e6 7.
Qf3 h6 8. Be3 Qc7 9. O-O-O Nbd7 10. Qg3 Nc5 11. f3 Bd7 12. Kb1 Rb8 13. Nb3 Nxb3 14.
axb3 b5 15. Rd2 b4 16. Na4 Bb5 17. Bd3 g6 18. Bd4 e5 19. Be3 Be7 20. Qf2 Nd7 21.
h4 h5 22. Rhd1 Qc6 23. g3 Kf8 24. Bg5 f6 25. Be3 Kg7 26. f4 Rbc8 27. f5 Bxa4 28.
bxa4 Qxa4 29. b3 Qc6 30. fxg6 Nc5 31. Bxc5 Qxc5 32. Qf5 Qc7 33. Bc4 Rcf8 34. g4 Qc8 35. Be6 Qc7 36. gxh5 a5 37. Rd3 Rh6 38. Qg4 Rfh8 39.
Bd5 Qc8 40. Qxc8 Rxc8 41. Be6 Rc5 42. Bg4 Rh8 43. Rxd6 Bxd6 44. Rxd6 Rc7 45. Kc1 Rb8 46. Kd2 Rb5 47. Ra6 Rbc5 48. c4 bxc3+ 49. Kc2 R5c6 50.
Rxa5 Rd6 51. Rd5 Ra6 52. Rd1 Ra2+ 53. Kd3 c2 54. Rc1 Rd7+ 55. Bxd7 1-0

[Event "Late-Titled-Tuesday-Blitz-March-05-2024"]
[Site "Chess.com"]
[Date "2024.03.05"]
[Round "10"]
[White "Nouali_Mohamed"]
[Black "AlexTruskavetsky"]
[Result "1-0"]
[WhiteElo "2558"]
[BlackElo "2677"]
[TimeControl "180+1"]
[EndTime "15:52:10 PST"]
[Termination "Nouali_Mohamed won by checkmate"]

1. e4 e6 2. d4 d5 3. Nc3 dxe4 4.
Nxe4 Nf6 5. Nxf6+ Qxf6 6. Nf3 h6 7. Bd3 Nd7 8. O-O c5 9. dxc5 Bxc5 10. Qe2 Qe7 11. b3 O-O 12. Bb2 Nf6 13. Ne5 b6 14. Qf3 Bb7 15. Qg3 Rad8 16. Rae1 Bd4 17. Bc1 Kh8 18.
Qh3 Ng8 19. Kh1 Bxe5 20. Rxe5 Rd5 21. Re3 Rfd8 22. Rg3 Qf6 23. Qg4 g6 24. Be3 h5 25.
Qe2 Kh7 26. Be4 R5d7 27. Bxb7 Rxb7 28. Bg5 Kg7 29. Bxf6+ Nxf6 30. h3 Rbd7 31. Rd3 Rxd3 32. cxd3 Rd5 33. Rd1 e5 34. Qe3 Nd7 35. Kg1 f5 36. f3 Nc5 37. Qe2 Ne6 38. Rc1 Nf4 39. Qc2 Rxd3 40. Qc7+ Kf6 41. Rc6+ Kg5 42. Qe7+ Kh6 43. Qxe5 Kg5 44. h4+ Kh6 45. Qxf4+ Kg7 46. Rc7+ Kf6 47. Qg5+ Ke5 48. Qe7+ Kf4 49. Kf2 Rd2+ 50.
Qe2 Rxe2+ 51. Kxe2 Kg3 52. Rxa7 g5 53. hxg5 Kxg2 54.
g6 h4 55. g7 h3 56. g8=Q+ Kh2 57. Rh7 Kh1 58. Qg3 h2 59. Rxh2# 1-0

[Event "Late-Titled-Tuesday-Blitz-March-05-2024"]
[Site "Chess.com"]
[Date "2024.03.05"]
[Round "10"]
[White "toninhojit"]
[Black "AldokhinIvan"]
[Result "0-1"]
[WhiteElo "2533"]
[BlackElo "2679"]
[TimeControl "180+1"]
[EndTime "15:52:10 PST"]
[Termination "AldokhinIvan won by checkmate"]

1. d4 Nf6 2. c4 g6 3. Nc3 Bg7 4. e4 O-O 5. Be2 d6 6. Bg5 h6 7.
Be3 Nc6 8. d5 Nb4 9. a3 Na6 10.
Qd2 Kh7 11. Bd1 e6 12. f3 exd5 13. cxd5 Bd7 14. Nge2 Ng8 15. O-O Qh4 16. Bd4 Rae8 17. Bxg7 Kxg7 18. b4 f5 19. g3 Qf6 20. Qd4 fxe4 21.
Nxe4 Qe5 22. Bc2 Bb5 23. Qxe5+ Rxe5 24. Kf2 Bxe2 25. Kxe2 Rxd5 26. Bb3 Re5 27. Kd3 d5 28.
Nd2 Rfe8 29. Rad1 c5 30. Kc2 cxb4 31. Ba4 Rc8+ 32. Kb2 bxa3+ 33. Kxa3 Rc3+ 34. Kb2 d4 35. Bb3 Nc5 36. Bc2 Re2 37. Bb1 Nf6 38. Rfe1 Rce3 39.
Rxe2 Rxe2 40. Kc1 Nd5 41. g4 Ne3 42. Rh1 b5 43. Be4 Nc4 44. Nxc4 bxc4 45. Bd5 c3 46. Bc4 d3 47. Rd1 Re3 48. Bb5 Rxf3 49. h4 Kf6 50. g5+ hxg5 51. hxg5+ Kxg5 52. Rg1+ Kf4 53. Re1 d2+ 54. Kd1 dxe1=Q+ 55. Kxe1 Ke3 56. Bf1 Rf2 57. Be2 Rxe2+ 58. Kd1 Rd2+ 59. Kc1 Nb3+ 60. Kb1 Rb2# 0-1

[Event "Late-Titled-Tuesday-Blitz-March-05-2024"]
[Site "Chess.com"]
[Date "2024.03.05"]
[Round "10"]
[White "ninguno46"]
[Black "martinmena"]
[Result "1-0"]
[WhiteElo "2490"]
[BlackElo "2304"]
[TimeControl "180+1"]
[EndTime "15:52:10 PST"]
[Termination "ninguno46 won by resignation"]

1. e4 c6 2. d4 d5 3. exd5 cxd5 4. Bd3 Nc6 5. c3 Qc7 6. Ne2 Bg4 7. f3 Bd7 8. Bf4 e5 9. dxe5 Nxe5 10. Bc2 Nf6 11. Ba4 Bd6 12. Bxd7+ Nexd7 13. Bxd6 Qxd6 14. Na3 O-O 15. Qd4 Rfe8 16. Kf2 Re6 17. Ng3 Rae8 18. Rhe1 Rxe1 19. Rxe1 Rxe1 20. Kxe1 Qe5+ 21. Qxe5 Nxe5 22. Kd2 g6 23. b3 Kf8 24. Ke3 Nc6 25. Nb5 Ke7 26.
Nd4 Kd6 27. Nge2 Nxd4 28. Kxd4 Ne8 29. Ke3 Ng7 30. g4 f5 31. h3 g5 32. f4 fxg4 33.
hxg4 gxf4+ 34. Nxf4 Ne6 35. Nh5 h6 36. Ng3 Ke5 37.
Ne2 b5 38. b4 a6 39. Nc1 Ng5 40. Nd3+ Kd6 41. Nc5 Kc6 42. Nxa6 Ne4 43. Kd4 Kb7 44. Nc5+ Nxc5 45. Kxc5 Kc7 46. Kxd5 Kd7 47. Kc5 Ke6 48. Kxb5 Ke5 49. c4 Kf4 50. c5 Kxg4 51. c6 h5 52. c7 h4 53. c8=Q+ Kg3 54. Qh8 h3 55. Qxh3+ Kxh3 56. Kc6 1-0

[Event "Late-Titled-Tuesday-Blitz-March-05-2024"]
[Site "Chess.com"]
[Date "2024.03.05"]
[Round "10"]
[White "TenisMaster"]
[Black "Alphafischer2019"]
[Result "1-0"]
[WhiteElo "2897"]
[BlackElo "2745"]
[TimeControl "180+1"]
[EndTime "15:52:14 PST"]
[Termination "TenisMaster won on time"]

1. e4 e6 2. d4 d5 3. e5 c5 4.
c3 Nc6 5. Nf3 cxd4 6. cxd4 Nge7 7.
Bd3 Nf5 8. Bxf5 exf5 9. Nc3 Be7 10. h4 h6 11. h5 Be6 12. Kf1 Qb6 13. Ne2 Rc8 14. Rh3 Nb4 15. Bd2 Qa6 16. Kg1 Nd3 17.
Bc3 Nb4 18. Nf4 Kd7 19. Rg3 Rhg8 20. a3 Nc6 21. Qd2 Qb5 22. Ne1 b6 23. Ned3 Bg5 24.
Qd1 Na5 25. a4 Qa6 26. Qf3 Nb3 27. Ra3 Qc4 28. Qe3 Rc7 29. Kh2 Bh4 30. Rf3 Bg5 31. Rg3 a6 32. Kh1 Bh4 33. Rh3 Bg5 34. a5 bxa5 35.
Bxa5 Nxa5 36. Rxa5 Rgc8 37. Nc5+ Ke7 38. Rf3 Rxc5 39.
Rxc5 Rxc5 40. dxc5 d4 41. Qd2 Qxc5 42. Kh2 Qxe5 43.
g3 Bd5 44. Rd3 Bf6 45. Qb4+ Kd7 46. Nxd5 Qxd5 47. Qb6 Qe4 48. Rb3 Qe2 49. Qa7+ Ke8 50.
Rb8+ Bd8 51. Kg2 Qe4+ 52. Kh2 f4 53. Qc7 fxg3+ 54. Kxg3 Qd3+ 55. Kh2 1-0